 Dungeon Crawl Stone Soup version 0.23.2-30-g0e89c35649 (webtiles) character file.

Game seed: 11750808464290022153

2293 BorisKarlOrff the Spear-Bearer (level 9, -2/106 HPs)
             Began as a Merfolk Chaos Knight on June 13, 2019.
             Was a Plaything of Xom.
             Slain by a hellwing (3 damage)
             ... summoned by Xom
             ... on level 9 of the Dungeon on June 14, 2019.
             The game lasted 00:16:29 (4624 turns).

BorisKarlOrff the Spear-Bearer (MfCK)               Turns: 4624, Time: 00:16:31

Health: -2/106     AC: 24    Str: 13    XL:     9   Next: 40%
Magic:  9/9        EV:  2    Int: 16    God:    Xom [......]
Gold:   220        SH:  0    Dex: 19    Spells: 8/8 levels left

rFire    . . .     SeeInvis +   a - +4 spear (chaos)
rCold    . . .     Gourm    .   (no shield)
rNeg     + + +     Faith    +   (armour currently unavailable)
rPois    +         Spirit   .   (helmet currently unavailable)
rElec    .         Reflect  .   (cloak currently unavailable)
rCorr    .         Harm     .   (gloves currently unavailable)
MR       .....     NoTele   +   (boots currently unavailable)
Stlth    +.........             k - amulet of faith
HPRegen  0.27/turn              f - ring of see invisible
MPRegen  0.11/turn              e - +3 ring of dexterity

@: brilliant, tree-form, very slightly contaminated, hasted, glowing, very quick
A: (change form in water), (swift swim), (stealthy swim)
a: Renounce Religion


You were on level 9 of the Dungeon.
You worshipped Xom.
You were a very special plaything of Xom.
You were not hungry.
You were a tree.
You visited 1 branch of the dungeon, and saw 8 of its levels.

You collected 220 gold pieces.

Inventory:

Hand Weapons
 a - a +4 spear of chaos (weapon)
 j - the +2 bardiche "Killer Bee's Curse" {flame, rPois Str-5 Dex+4}
   (You found it on level 5 of the Dungeon)

   It has been specially enchanted to burn those struck by it, causing extra
   injury to most foes and up to half again as much damage against particularly
   susceptible opponents.
   Big, fiery blades are also staple armaments of hydra-hunters.
   It affects your strength (-5).
   It affects your dexterity (+4).
   It protects you from poison.
Armour
 h - a +0 chain mail (melded)
 m - a +0 pair of gloves (melded)
 n - a +2 cloak (melded)
Jewellery
 e - a +3 ring of dexterity (right branch)
 f - a ring of see invisible (left branch)
 k - an amulet of faith (around neck)
Wands
 d - a wand of random effects (8)
 o - a wand of disintegration (14)
Scrolls
 g - a scroll of remove curse
 s - a scroll of identify
Potions
 b - a potion of haste
Comestibles
 c - 10 rations


   Skills:
 + Level 6.4 Fighting
 + Level 12.8 Polearms
 + Level 4.0 Armour
 + Level 4.2 Dodging
 + Level 3.6 Stealth


You had 8 spell levels left.
You didn't know any spells.
Your spell library contained the following spells:

 Spells                   Type           Power        Failure   Level  Hunger
 Animate Skeleton         Necr           N/A          3%          1    ##.....
 Pain                     Necr           #...         3%          1    ##.....
 Regeneration             Chrm/Necr      #.........   9%          3    ####...
 Vampiric Draining        Necr           #.........   9%          3    ####...
 Animate Dead             Necr           N/A          24%         4    #####..


Dungeon Overview and Level Annotations

Branches:
Dungeon (9/15)             Temple (0/1) D:5
   Lair: D:8-11         Orc: D:9-12

Altars:
Trog
Xom

Annotations:
D:3 1 runed translucent door, kmx's ghost, amateur GnTm
D:4 3 runed translucent doors, Cykl0x's ghost, amateur FoFi


Innate Abilities, Weirdness & Mutations

((You revert to your normal form in water))
((You are very nimble and swift while swimming.))
((You are very stealthy in the water. (Stealth+)))
((You have very sharp teeth.))
((You are partially covered in icy blue scales. (AC +2)))


Message History

The worker ant bites you but does no damage.
The shadow imp hits you but does no damage.
You puncture the hellwing!
The hellwing is heavily wounded.
Your quasit misses the worker ant.
Your quasit barely misses the worker ant.
Your quasit claws the worker ant but does no damage.
You hit the hellwing but do no damage.
The hellwing is heavily wounded.
The bullfrog skeleton hits you.
* * * LOW HITPOINT WARNING * * *
You hit the hellwing but do no damage.
The hellwing is heavily wounded.
The worker ant bites you but does no damage.
Your quasit bites the worker ant but does no damage.
Your quasit claws the worker ant but does no damage.
Your quasit closely misses the worker ant.
The hellwing hits you.
You die...
Xom is highly amused!

#.#..### .#
#.#..#....
###.#..#.#.
## ..>.......
%[ ......#.#
.# ###...#.##
.#
#......D5##.#
#...<..5Z♣45#
#.......a####
###...#5##
#..._$#
#..#### ...##
.###


You could see a swamp dragon, a hellwing (confused), a worker ant, a quasit, 2
shadow imps, a bullfrog skeleton and a friendly quasit.

Vanquished Creatures
  A manticore (D:6)
  Sigmund (D:5)
  5 yaks (D:6)
  An ogre (D:6)
  A centaur (D:6)
  Blork the orc (D:5)
  A bullfrog (D:6)
  3 hounds
  3 orc priests
  An orc wizard (D:4)
  4 worker ants
  2 hound zombies
  A worker ant zombie (D:3)
  8 gnolls
  7 adders
  A shadow imp (D:5)
  2 adder skeletons (D:3)
  An adder zombie (D:6)
  4 worms
  2 dart slugs
  4 leopard geckos
  23 orcs
  2 ball pythons
  4 giant cockroaches
  6 goblins
  13 hobgoblins
  A quokka (D:4)
  6 bats
  3 frilled lizards
  A jackal skeleton (D:5)
  A jackal zombie (D:3)
  2 kobolds (D:1)
  A quokka skeleton (D:3)
  8 rats
125 creatures vanquished.

Vanquished Creatures (collateral kills)
  An ogre (D:5)
  2 orc wizards (D:5)
  A leopard gecko (D:5)
  2 orcs (D:5)
  A frilled lizard (D:3)
7 creatures vanquished.

Vanquished Creatures (others)
  A leopard gecko (D:4)
1 creature vanquished.

Grand Total: 133 creatures vanquished

Notes
Turn   | Place    | Note
-------+----------+-------------------------------------------
     0 | D:1      | BorisKarlOrff the Merfolk Chaos Knight began the quest for
                  | the Orb.
     0 | D:1      | Reached XP level 1. HP: 18/18 MP: 1/1
    53 | D:1      | XOM: harmless Erth miscast
   100 | D:1      | XOM: harmless Fire miscast
   168 | D:1      | XOM: silly message
   263 | D:1      | XOM: potion effect (invisibility)
   266 | D:1      | Reached XP level 2. HP: 22/24 MP: 2/2
   281 | D:1      | Reached skill level 5 in Polearms
   479 | D:1      | You fall through a shaft!
   479 | D:2      | XOM: noise
   525 | D:2      | Found a faded altar of an unknown god.
   569 | D:2      | XOM: 3-stop teleportation journey
   572 | D:2      | Reached XP level 3. HP: 30/30 MP: 3/3
   578 | D:2      | Reached skill level 1 in Stealth
  1219 | D:2      | Found a bloodstained altar of Trog.
  1234 | D:2      | Reached XP level 4. HP: 8/37 MP: 4/4
  1248 | D:2      | XOM: divination: detect items
  1313 | D:2      | XOM: give mutation
  1313 | D:2      | Gained mutation: You are partially covered in icy blue
                  | scales. (AC +2) [Xom's grace]
  1516 | D:2      | XOM: give mutation
  1516 | D:2      | Gained mutation: You have very sharp teeth. [Xom's grace]
  1524 | D:2      | XOM: cloud trail
  1770 | D:3      | Noticed kmx's ghost (amateur GnTm)
  1802 | D:3      | Reached skill level 1 in Armour
  1802 | D:3      | XOM: cast spell 'Ring of Flames'
  1803 | D:3      | Reached skill level 6 in Polearms
  1831 | D:3      | Reached XP level 5. HP: 27/42 MP: 5/5
  1867 | D:3      | Found a runed translucent door.
  2313 | D:3      | XOM: smoke on damage
  2336 | D:3      | XOM: confuse monster(s)
  2487 | D:3      | XOM: god gift: 33 bolts
  2610 | D:4      | Reached skill level 7 in Polearms
  2613 | D:4      | Reached XP level 6. HP: 49/49 MP: 6/6
  2707 | D:4      | XOM: 1-stop teleportation journey
  2826 | D:4      | Found a runed translucent gate.
  2826 | D:4      | Found a runed translucent gate.
  2826 | D:4      | Found a runed translucent gate.
  2826 | D:4      | Noticed Cykl0x's ghost (amateur FoFi)
  2938 | D:4      | XOM: mild Ice miscast
  3245 | D:4      | Reached skill level 8 in Polearms
  3301 | D:5      | Entered Level 5 of the Dungeon
  3339 | D:5      | XOM: chaos upgrade
  3340 | D:5      | XOM: summons 2 friendly demons
  3348 | D:5      | Reached XP level 7. HP: 55/55 MP: 7/7
  3370 | D:5      | Noticed Blork the orc
  3395 | D:5      | Killed Blork the orc
  3529 | D:5      | XOM: 5-stop teleportation journey
  3530 | D:5      | Noticed Sigmund
  3540 | D:5      | Killed Sigmund
  3540 | D:5      | Reached skill level 5 in Fighting
  3540 | D:5      | Reached skill level 9 in Polearms
  3558 | D:5      | Found a staircase to the Ecumenical Temple.
  3568 | D:5      | Got a shimmering bardiche
  3569 | D:5      | Identified the cursed +2 bardiche "Killer Bee's Curse"
                  | {flame, rPois Str-5 Dex+4} (You found it on level 5 of the
                  | Dungeon)
  3699 | D:6      | Reached XP level 8. HP: 61/62 MP: 8/8
  3956 | D:6      | Noticed a yak
  3958 | D:6      | Noticed a yak
  3962 | D:6      | Noticed a yak
  3962 | D:6      | Noticed a yak
  3963 | D:6      | Noticed a yak
  3968 | D:6      | Killed a yak
  3968 | D:6      | Reached skill level 10 in Polearms
  3970 | D:6      | XOM: summons friendly shadow imp
  3973 | D:6      | Killed a yak
  3976 | D:6      | Killed a yak
  3976 | D:6      | Reached skill level 11 in Polearms
  3980 | D:6      | Killed a yak
  3984 | D:6      | Killed a yak
  3984 | D:6      | Reached XP level 9. HP: 12/69 MP: 9/9
  3991 | D:6      | Reached skill level 12 in Polearms
  3991 | D:6      | Noticed a manticore
  3993 | D:6      | XOM: divination: detect creatures
  3997 | D:6      | Killed a manticore
  4002 | D:6      | HP: 1/70 [gnoll (5)]
  4388 | D:6      | XOM: mild Conj miscast
  4502 | D:6      | XOM: summons 1 hostile demon
  4535 | D:6      | You fall through a shaft for 2 floors!
  4543 | D:8      | Noticed a two-headed ogre
  4544 | D:8      | XOM: medium Tmut miscast
  4550 | D:8      | XOM: summons 1 hostile demon
  4592 | D:8      | XOM: mild Chrm miscast
  4595 | D:8      | XOM: chaos upgrade
  4605 | D:9      | Noticed a swamp dragon
  4605 | D:9      | a hippogriff changed into a swamp dragon
  4605 | D:9      | XOM: polymorph hippogriff -> swamp dragon
  4606 | D:9      | XOM: scenery: create altars
  4607 | D:9      | XOM: summons 4 hostile demons
  4608 | D:9      | Noticed a hellwing
  4611 | D:9      | XOM: summons friendly quasit
  4620 | D:9      | HP: 5/106 [bullfrog skeleton (1)]
  4623 | D:9      | HP: 1/106 [bullfrog skeleton (4)]
  4624 | D:9      | Slain by a hellwing

Skill      XL: |  1  2  3  4  5  6  7  8  9 |
---------------+----------------------------+-----
Polearms       | 5 6 7 8 9 11 12 | 12.8
Stealth        | 1 2 3 |  3.6
Fighting       | 4 5 6 |  6.4
Armour         | 1 2 3 4 |  4.0
Dodging        | 3 4 |  4.2

Action                   |  1- 3 |  4- 6 |  7- 9 || total
-------------------------+-------+-------+-------++-------
Melee: Spear             |   111 |   235 |    60 ||   406
       Bite              |       |    27 |    11 ||    38
       Bardiche          |       |       |    84 ||    84
Evoke: Wand              |       |       |     1 ||     1
  Use: Scroll            |     2 |     3 |    10 ||    15
       Potion            |       |     3 |     7 ||    10
 Stab: Petrified         |     4 |       |       ||     4
       Invisible         |     3 |       |       ||     3
       Petrifying        |       |     3 |       ||     3
       Paralysed         |       |     1 |     2 ||     3
  Eat: Ration            |     1 |     2 |     2 ||     5
Armor: Leather armour    |    12 |       |       ||    12
       Scale mail        |     5 |       |       ||     5
       Chain mail        |    51 |   114 |   150 ||   315
       Skin              |       |       |    16 ||    16
Dodge: Dodged            |    64 |    54 |    66 ||   184
